 Dungeon Crawl Stone Soup version 0.31-a0-187-gba352fbbf7 (webtiles) character file.

Game seed: 7120951070670471468

365 qw the Skirmisher (level 6, 0/34 (36) HPs)
             Began as a Deep Elf Hunter on June 22, 2023.
             Slain by a wight
             ... wielding a +4 battleaxe
              (9 damage)
             ... on level 4 of the Dungeon.
             The game lasted 00:01:05 (2669 turns).

qw the Skirmisher (Deep Elf Hunter)                 Turns: 2669, Time: 00:01:06

HP:   0/34 (36)     AC:  8    Str: 10    XL:     6   Next: 40%
MP:   8/8           EV:  9    Int: 14    God:
Gold: 190           SH:  0    Dex: 18    Spells: 5/5 levels left

rFire   + . .        m - +1 longbow (heavy)
rCold   . . .        (shield currently unavailable)
rNeg    . . .        b - +2 scale mail {Will+}
rPois   .            (no helmet)
rElec   .            (no cloak)
rCorr   .            (no gloves)
SInv    .            (no boots)
Will    +....        j - amulet of the acrobat
Stlth   +            e - ring of protection from fire
HPRegen 0.25/turn    (no ring)
MPRegen 0.11/turn

%: acrobat
@: drained
A: no striking features
a: no special abilities


You were on level 4 of the Dungeon.
You visited 1 branch of the dungeon, and saw 4 of its levels.

You collected 190 gold pieces.


   Skills:
 - Level 2.3 Fighting
 - Level 9.8 Ranged Weapons
 + Level 0.0 Armour
 - Level 2.4 Dodging
 - Level 1.2 Stealth


You had 5 spell levels left.
You didn't know any spells.
Your spell library was empty.

Inventory:

Hand Weapons
 m - a +1 heavy longbow (weapon)
Armour
 b - a +2 scale mail of willpower (worn)
Jewellery
 e - a ring of protection from fire (left hand)
 j - an amulet of the acrobat (around neck)
Scrolls
 a - a scroll of identify
Potions
 c - a potion of cancellation
 d - 2 potions of mutation
 f - a potion of haste
 g - a potion of attraction {unknown}
 h - a potion of resistance
 i - a potion of enlightenment {unknown}
 k - 3 potions of might
 l - a potion of invisibility {unknown}

Dungeon Overview and Level Annotations

Branches:
Dungeon (4/15)
 Temple: D:4-7

Altars:
Nemelex Xobeh
Qazlal


Message History

2627 ||| READING scroll labelled BYIRUSTR DUUPSU.
This is a scroll of acquirement!
2627 ||| ACQUIRING +1 heavy longbow Something appears at your feet!
m - a +1 heavy longbow
2629 ||| SWAPPING to +1 heavy longbow.
m - a +1 heavy longbow (weapon)
2630 ||| DROPPING +0 shortbow.
You drop a +0 shortbow.
Done exploring.
2631 ||| READING 3 scrolls of identify.
As you read the scroll of identify, it crumbles to dust.
c - a potion of cancellation;
2631 ||| IDENTIFYING inky potion Done exploring.
2632 ||| READING 2 scrolls of identify.
As you read the scroll of identify, it crumbles to dust.
f - a potion of haste;
2632 ||| IDENTIFYING dark potion Done exploring.
(D) Dungeon
Where to? (* - list waypoints, Enter - D:3, ? - help)
What level of the Dungeon? (default 1, ? - help)
There is a large open door here.
There is a large open door here.
There is a stone staircase leading down here.
You climb downwards.
There is a stone staircase leading up here.
Waypoint 3 assigned to D:4. 2 wights come into view.
You shoot an arrow. The arrow hits the wight!
The wight is heavily damaged.
You shoot an arrow. The arrow hits the wight!
You destroy the wight!
Your Fighting skill increases to level 2!
You shoot an arrow. The arrow hits the wight!
The wight is heavily damaged.
You shoot an arrow. The arrow closely misses the wight.
The wight hits you with a +4 battleaxe!
You feel drained. The wight hits you with a +4 battleaxe!
You feel drained.
You shoot an arrow. The arrow closely misses the wight.
The wight hits you with a +4 battleaxe!
You die...

... #.#
#.# #)#
#.# #.#
#z# #@#
#.# #.#
#.#
#######.#
#.......#
#.#######
#<# ###


You could see a wight.

Vanquished Creatures
  Sigmund (D:3)
  A wight (D:4)
  A jelly (D:3)
  4 adders
  A worm (D:2)
  2 dart slugs
  2 orcs (D:3)
  8 endoplasms
  2 giant cockroaches
  8 goblins
  6 hobgoblins
  3 jackals (D:3)
  6 kobolds
  3 quokkas
  7 ball pythons
  5 bats
  5 frilled lizards
  8 rats
73 creatures vanquished.

Notes
Turn   | Place    | Note
-------+----------+-------------------------------------------
     0 | D:1      | qw the Deep Elf Hunter began the quest for the Orb.
     0 | D:1      | Reached XP level 1. HP: 12/12 MP: 3/3
     0 | D:1      | 0 ||| qw: Version: 0.3-a-9-g12657ce
     0 | D:1      | 0 ||| qw: Game counter: 2584
     0 | D:1      | 0 ||| qw: Always use a shield: true
     0 | D:1      | 0 ||| qw: God list: Okawaru
     0 | D:1      | 0 ||| qw: Allow faded altars: false
     0 | D:1      | 0 ||| qw: Do Orc after D:15 true
     0 | D:1      | 0 ||| qw: Do second Lair branch before Depths: true
     0 | D:1      | 0 ||| qw: Lair rune preference: random
     0 | D:1      | 0 ||| qw: Plans: Normal
     0 | D:1      | 0 ||| PLANNING D:1-11
   152 | D:1      | Reached XP level 2. HP: 16/16 MP: 4/4
   154 | D:1      | Reached skill level 6 in Ranged Weapons
   702 | D:1      | 702 ||| UPGRADING to ring of protection from fire.
   703 | D:1      | 703 ||| READING 3 scrolls labelled MUANIS JEOD.
   704 | D:1      | 704 ||| READING scroll labelled VIROFU TENKIDIUH.
   705 | D:1      | 705 ||| READING scroll labelled YFEXZASKAUX.
   706 | D:1      | 706 ||| DRINKING 4 fizzy cyan potions.
   707 | D:1      | 707 ||| READING 2 scrolls of identify.
   707 | D:1      | 707 ||| IDENTIFYING yellow potion
   708 | D:1      | 708 ||| DROPPING scroll of butterflies.
   743 | D:2      | Reached XP level 3. HP: 20/20 MP: 5/5
   753 | D:2      | HP: 5/20 [poisoned by an adder]
   862 | D:2      | Reached skill level 7 in Ranged Weapons
  1024 | D:2      | Reached XP level 4. HP: 25/25 MP: 6/6
  1252 | D:2      | Identified the +4 dagger of Temperance {spect, Will++}
  1339 | D:2      | Found a faded altar of an unknown god.
  1679 | D:2      | 1679 ||| READING scroll labelled HEPSESCH EKANWOR.
  1680 | D:2      | 1680 ||| READING scroll labelled XAQUIQ RUAPU.
  1681 | D:2      | 1681 ||| READING scroll labelled QYETSICARI.
  1682 | D:2      | 1682 ||| DRINKING 2 smoky orange potions.
  1683 | D:2      | 1683 ||| READING 3 scrolls of identify.
  1683 | D:2      | 1683 ||| IDENTIFYING coppery potion
  1684 | D:2      | 1684 ||| READING 2 scrolls of identify.
  1684 | D:2      | 1684 ||| IDENTIFYING glowing amethyst potion
  1685 | D:2      | 1685 ||| DROPPING potion of brilliance.
  1734 | D:3      | Found a stormy altar of Qazlal.
  1829 | D:3      | 1829 ||| FLEEEEING.
  1830 | D:3      | 1830 ||| FLEEEEING.
  1831 | D:3      | 1831 ||| STAIRDANCE
  1844 | D:2      | 1844 ||| UPGRADING to +2 scale mail of willpower.
  1854 | D:2      | 1854 ||| DROPPING +0 leather armour.
  1857 | D:3      | 1857 ||| STAIRDANCE
  1935 | D:3      | Noticed Sigmund
  1948 | D:3      | HP: 6/25 [Sigmund/+0 scythe (7)]
  1949 | D:3      | 1949 ||| DRINKING potion of heal wounds.
  1952 | D:3      | 1952 ||| FLEEEEING.
  1955 | D:3      | 1955 ||| FLEEEEING.
  1956 | D:3      | 1956 ||| FLEEEEING.
  1957 | D:3      | 1957 ||| FLEEEEING.
  1958 | D:3      | 1958 ||| FLEEEEING.
  1959 | D:3      | 1959 ||| FLEEEEING.
  1961 | D:3      | 1961 ||| FLEEEEING.
  1964 | D:3      | 1964 ||| FLEEEEING.
  1965 | D:3      | 1965 ||| FLEEEEING.
  1966 | D:3      | 1966 ||| FLEEEEING.
  1967 | D:3      | 1967 ||| FLEEEEING.
  1968 | D:3      | 1968 ||| FLEEEEING.
  1969 | D:3      | 1969 ||| FLEEEEING.
  1970 | D:3      | 1970 ||| FLEEEEING.
  1972 | D:3      | 1972 ||| FLEEEEING.
  1980 | D:3      | Reached skill level 8 in Ranged Weapons
  1985 | D:3      | Killed Sigmund
  1986 | D:3      | Reached skill level 9 in Ranged Weapons
  1986 | D:3      | Reached XP level 5. HP: 13/29 MP: 7/7
  1986 | D:3      | Reached XP level 6. HP: 16/34 MP: 8/8
  2185 | D:3      | Found a sparkling altar of Nemelex Xobeh.
  2616 | D:3      | 2616 ||| UPGRADING to amulet of the acrobat.
  2621 | D:3      | 2621 ||| DROPPING amulet of magic regeneration.
  2622 | D:3      | 2622 ||| READING scroll labelled DILAKH NALLAFA.
  2627 | D:3      | 2627 ||| READING scroll labelled BYIRUSTR DUUPSU.
  2627 | D:3      | Identified a scroll of acquirement
  2627 | D:3      | 2627 ||| ACQUIRING +1 heavy longbow
  2627 | D:3      | Acquired a +1 heavy longbow
  2629 | D:3      | 2629 ||| SWAPPING to +1 heavy longbow.
  2630 | D:3      | 2630 ||| DROPPING +0 shortbow.
  2631 | D:3      | 2631 ||| READING 3 scrolls of identify.
  2631 | D:3      | 2631 ||| IDENTIFYING inky potion
  2632 | D:3      | 2632 ||| READING 2 scrolls of identify.
  2632 | D:3      | 2632 ||| IDENTIFYING dark potion
  2668 | D:4      | HP: 8/34 [wight/+4 battleaxe (3)]
  2669 | D:4      | Slain by a wight

Levels and vault maps discovered:
D:1:      dpeg_arrival_shelter, layout_basic, minmay_misc_feat_rows
D:2:      layout_loops_corners, ebering_ecumenical_altar_sacrificial,
          dreamdust_wishing_well
D:3:      layout_basic, nemelex_xobeh_ov_fountains_minmay,
          general_overflow_altar, uniq_sigmund
D:4:      layout_basic, serial_shops, shop, uniq_blork_the_orc, uniq_robin

Skill      XL: |  1  2  3  4  5  6 |
---------------+-------------------+-----
Ranged Weapons | 6 7 9 |  9.8
Fighting       | 2 |  2.3
Dodging        | |  2.4
Stealth        | |  1.2

Action                     |  1- 3 |  4- 6 || total
---------------------------+-------+-------++-------
   Fire: Shortbow          |    99 |   113 ||   212
         Longbow           |       |     5 ||     5
    Use: Scroll            |     4 |     9 ||    13
         Potion            |     1 |     2 ||     3
 Armour: Leather armour    |     1 |     5 ||     6
         Scale mail        |       |    26 ||    26
  Dodge: Dodged            |    17 |    26 ||    43

Table legend:
 A = Non-vault XP
 B = Vault XP
 C = Vault XP percentage of total XP
 D = Non-vault monster count
 E = Vault monster count
 F = Vault count percentage of total count
                 A         B        C        D         E       F
            +---------+---------+-------+---------+---------+-------
      Total |     283 |     239 |  45.8 |      72 |       1 |   1.4
            +---------+---------+-------+---------+---------+-------
        D:1 |      39 |       0 |   0.0 |      25 |       0 |   0.0
        D:2 |      93 |       0 |   0.0 |      30 |       0 |   0.0
        D:3 |      81 |     239 |  74.7 |      16 |       1 |   5.9
        D:4 |      70 |       0 |   0.0 |       1 |       0 |   0.0
            +---------+---------+-------+---------+---------+-------
